 Seeded DCSS version 0.27.1-34-g3ba077fa99 (webtiles) character file.

Game seed: 568114637884840044 (custom seed)

9 knot the Skirmisher (level 2, 11/36 HPs)
             Began as a Demonspawn Berserker on Jan 18, 2022.
             Was a Follower of Trog.
             Quit the game on level 1 of the Dungeon.
             The game lasted 00:00:25 (602 turns).

knot the Skirmisher (Demonspawn Berserker)           Turns: 602, Time: 00:00:26

Health: 11/36      AC:  2    Str: 17    XL:     2   Next: 3%
Magic:  2/2        EV: 12    Int:  8    God:    Trog [*.....]
Gold:   0          SH:  0    Dex: 12    Spells: 1/1 levels left

rFire    . . .     SeeInvis .   a - +0 hand axe
rCold    . . .     Faith    .   (no shield)
rNeg     . . .     Spirit   .   b - +0 animal skin
rPois    .         Reflect  .   (no helmet)
rElec    .         Harm     .   (no cloak)
rCorr    .         Rampage  .   (no gloves)
Will     .....                  (no boots)
Stlth    ..........             (no amulet)
HPRegen  0.12/turn              (no ring)
MPRegen  0.08/turn              (no ring)

@: berserking, very quick
A: demonic guardian 1
a: Renounce Religion, Berserk


You were on level 1 of the Dungeon.
You worshipped Trog.
Trog was aware of your devotion.
You visited 1 branch of the dungeon, and saw 1 of its levels.

Inventory:

Hand Weapons
 a - a +0 hand axe (weapon)
Armour
 b - a +0 animal skin (worn)
Jewellery
 e - a +6 ring of intelligence
Scrolls
 f - a scroll of identify {unknown}
Potions
 c - a potion of mutation {unknown}
 d - a potion of degeneration {unknown}


   Skills:
 + Level 3.2 Fighting
 + Level 2.8 Axes
 + Level 2.0 Armour
 + Level 1.8 Dodging


You had one spell level left.
You didn't know any spells.
Your spell library was empty.

Dungeon Overview and Level Annotations

Branches:
Dungeon (1/15)

Altars:


Innate Abilities, Weirdness & Mutations

A weak demonic guardian rushes to your aid.


Message History

The ball python is heavily wounded.
The ball python bites you. The ball python grabs you.
The ball python constricts you.
You closely miss the ball python.
The ball python is heavily wounded.
The ball python bites you. The ball python constricts you.
You closely miss the ball python.
The ball python is heavily wounded.
The ball python bites you. The ball python constricts you.
The ball python bites you. The ball python constricts you.
You are too injured to fight recklessly!
You are too injured to fight recklessly!
A red film seems to cover your vision as you go berserk!
You feel yourself moving faster!
You feel mighty!
The ball python bites you but does no damage.
The ball python constricts you.
You barely miss the ball python.
The ball python is heavily wounded.
The ball python bites you. The ball python constricts you.
You barely miss the ball python.
The ball python is heavily wounded.
You barely miss the endoplasm. The ball python closely misses you.
The ball python constricts you. The endoplasm hits you.
You closely miss the ball python.
The ball python is moderately wounded.
You slash the endoplasm!
You kill the endoplasm!
Trog accepts your kill. The ball python bites you.
* * * LOW HITPOINT WARNING * * *
The ball python constricts you.
You hit the ball python.
You kill the ball python!
Trog accepts your kill.
You closely miss the hobgoblin. The hobgoblin closely misses you.
Your Armour skill increases to level 2!
You have reached level 2!
Your demonic ancestry asserts itself...
You feel the presence of a demonic guardian.
Are you sure you want to abandon this character and quit the game? (Confirm with "yes".)

§.§... #.#.#
§§.... ..#.#
....#. ##.# .....
#.# ...#.#####.#
........##.#
.........#.# ##.#.
......g..#.#......
#†@.....#
####.......#
#....#.#.#
#.....#..
#....#.#..
#.........
#....#....
#.........


You could see a hobgoblin.

Vanquished Creatures
  A ball python (D:1)
  2 endoplasms (D:1)
  2 hobgoblins (D:1)
  A frilled lizard (D:1)
  2 kobolds (D:1)
8 creatures vanquished.

Notes
Turn   | Place    | Note
-------+----------+-------------------------------------------
     0 | D:1      | knot the Demonspawn Berserker began the quest for the Orb.
     0 | D:1      | Reached XP level 1. HP: 18/18 MP: 1/1
   475 | D:1      | Found a faded altar of an unknown god.
   602 | D:1      | Gained mutation: A weak demonic guardian rushes to your
                  | aid. [demonic ancestry]
   602 | D:1      | Reached XP level 2. HP: 11/24 MP: 2/2
   602 | D:1      | Quit the game

Illustrated notes

Levels and vault maps discovered:
D:1:      dpeg_arrival_rooms_c, layout_basic, ebering_ecumenical_altar_mist,
          st_stairs_7, serial_bayou_lagoon_a, hangedman_decor_riveting,
          nrook_campfire

Skill      XL: |  1 |
---------------+----+-----
Armour         | 2 |  2.0
Fighting       | |  3.2
Axes           | |  2.8
Dodging        | |  1.8

Action                   || total
-------------------------++-------
Melee: Hand axe          ||    26
Invok: Berserk           ||     2
Armor: Animal skin       ||     3
Dodge: Dodged            ||    12
